 Dungeon Crawl Stone Soup version 0.26.1-15-g04117e645d (webtiles) character file.

Game seed: 1147657097057442234

4267 Froggeryz the Slicer (level 10, -8/69 HPs)
             Began as an Octopode Brigand on Mar 3, 2022.
             Was an Initiate of Gozag.
             Mangled by a two-headed ogre
             ... wielding a +0 giant spiked club
              (18 damage)
             ... on level 8 of the Dungeon.
             The game lasted 00:14:38 (11770 turns).

Froggeryz the Slicer (Octopode Brigand)            Turns: 11770, Time: 00:14:39

Health: -8/69      AC:  1    Str: 15    XL:     10   Next: 31%
Magic:  14/14      EV: 16    Int: 15    God:    Gozag
Gold:   241        SH:  0    Dex: 15    Spells: 10/14 levels left

rFire    + . .     SeeInvis .   F - +3 dagger
rCold    . . .     Faith    .   (no shield)
rNeg     + . .     Spirit   .   l - +0 hat
rPois    .         Reflect  .   s - amulet of the acrobat
rElec    .         Harm     .   y - ring of flight
rCorr    +         Rampage  .   w - ring of protection from fire
Will     .....                  C - ring of Okhly {rN+ Str+4 Slay+2 Stlth+}
Stlth    +++++.....             h - ring of resist corrosion
HPRegen  0.21/turn              (no ring)
MPRegen  0.14/turn              (no ring)
                                (no ring)
                                (no ring)

@: no status effects
A: almost no armour, stealthy swim, amphibious, 8 rings, constrict 8, camouflage
1, gelatinous body 1
a: Renounce Religion, Evoke Flight, Potion Petition, Call Merchant, Bribe Branch


You were on level 8 of the Dungeon.
You worshipped Gozag.
Gozag was aware of your devotion.
You visited 2 branches of the dungeon, and saw 10 of its levels.

You collected 833 gold pieces.
You spent 551 gold pieces at shops.
You paid 41 gold pieces to Gozag.

Inventory:

Hand Weapons
 D - the +10 long sword "Natur" {flame, rN+ Will+}
   (You found it on level 7 of the Dungeon)

   It has been specially enchanted to burn those struck by it, causing extra
   injury to most foes and up to half again as much damage against particularly
   susceptible opponents.
   Big, fiery blades are also staple armaments of hydra-hunters.
   It protects you from negative energy.
   It affects your willpower, your defense against some magical effects.
 F - a +3 dagger (weapon)
Missiles
 b - 57 poisoned darts (quivered)
 f - 4 boomerangs
 z - a throwing net
Armour
 l - a +0 hat (worn)
Jewellery
 h - a ring of resist corrosion (on tentacle)
 s - an amulet of the acrobat (around mantle)
 w - a ring of protection from fire (right tentacle)
 y - a ring of flight (left tentacle)
 C - the ring of Okhly (on tentacle) {rN+ Str+4 Slay+2 Stlth+}
   (You bought it in a shop on level 6 of the Dungeon)

   [ring of positive energy]

   It affects your strength (+4).
   It affects your accuracy and damage with ranged weapons and melee attacks
   (+2).
   It protects you from negative energy.
   It makes you more stealthy.
Wands
 r - a wand of polymorph (6)
 B - a wand of flame (23)
Scrolls
 d - 5 scrolls of remove curse
 e - 3 scrolls of fear {unknown}
 q - 5 scrolls of teleportation
 t - a scroll of enchant armour {unknown}
 u - 4 scrolls of amnesia {unknown}
 v - a scroll of enchant weapon {unknown}
 x - a scroll of fog {unknown}
 E - 2 scrolls of immolation
Potions
 a - a potion of heal wounds {unknown}
 g - 3 potions of magic
 i - 3 potions of flight
 j - 2 potions of brilliance {unknown}
 k - a potion of attraction {unknown}
 m - a potion of experience {unknown}
 n - a potion of berserk rage
 o - 4 potions of curing
 p - a potion of haste {unknown}
 A - a potion of cancellation {unknown}


   Skills:
 + Level 6.6 Fighting
 * Level 11.6 Short Blades
 + Level 2.5 Throwing
 - Level 5.1 Dodging
 - Level 5.3 Stealth
 + Level 2.8 Spellcasting


You had 10 spell levels left.
You knew the following spells:

 Your Spells              Type           Power        Failure   Level
a - Iskenderun's Mystic   Conj/Tloc      2%           90%         4

Your spell library contained the following spells:

 Spells                   Type           Power        Failure   Level
 Animate Skeleton         Necr           4%           21%         1
 Apportation              Tloc           4%           21%         1
 Corona                   Hex            2%           21%         1
 Freeze                   Ice            8%           21%         1
 Magic Dart               Conj           8%           21%         1
 Summon Small Mammal      Summ           8%           21%         1
 Searing Ray              Conj           4%           30%         2
 Dazzling Flash           Conj/Hex       4%           52%         3
 Frozen Ramparts          Ice            4%           52%         3
 Ozocubu's Armour         Ice            2%           52%         3
 Fulminant Prism          Conj/Hex       1%           90%         4
 Hailstorm                Conj/Ice       2%           90%         4
 Summon Ice Beast         Ice/Summ       2%           90%         4
 Haunt                    Necr/Summ      1%           100%        7
 Borgnjor's Revivificati  Necr           1%           100%        8
 Infestation              Necr           1%           100%        8
 Necromutation            Tmut/Necr      1%           100%        8
 Death's Door             Necr           1%           100%        9


Dungeon Overview and Level Annotations

Branches:
Dungeon (9/15)             Temple (1/1) D:4
   Lair: D:8-11         Orc: D:9-12

Altars:
Ashenzari
Cheibriados
Dithmenos
Gozag
Hepliaklqana
Kikubaaqudgha
Makhleb
Qazlal
Ru
Sif Muna
Uskayaw
Wu Jian
Xom
Yredelemnul
Zin

Shops:
D:5 *   D:6 ==

Annotations:
D:7 2 transporters, Descartes's ghost, novice FeTm


Innate Abilities, Weirdness & Mutations

You cannot wear most types of armour.
You are very stealthy in the water. (Stealth+)
You are amphibious.
You can wear up to eight rings at the same time.
You can use your tentacles to constrict eight enemies at once.
Your skin changes colour to match your surroundings (Stealth+).
Your rubbery body absorbs attacks. (AC +1, EV +1)


Message History

The two-headed ogre looks even sicker.
The two-headed ogre is almost dead.
You hit the two-headed ogre but do no damage.
The two-headed ogre is almost dead.
You hit the two-headed ogre but do no damage.
Your squeeze misses the two-headed ogre.
The two-headed ogre is almost dead.
The two-headed ogre hits you with a +0 giant spiked club!!
The two-headed ogre hits you with a +0 giant club!
You hear a shout!
You hit the two-headed ogre.
You squeeze the two-headed ogre, but do no damage.
The two-headed ogre is almost dead.
You hit the two-headed ogre.
The two-headed ogre is almost dead.
The two-headed ogre hits you with a +0 giant spiked club!!
* * * LOW HITPOINT WARNING * * *
The two-headed ogre hits you with a +0 giant club!!
You die...
Your body crumbles into a pile of gold.

#.........#.......#
#.........##.######
#.$..$.......# ##########
#.$.......#..# ##..<..##..
######....##.###..oO..$...
##### ##$.##......o)..<[.....
#...# #..####....#...........
#...#####.######.............Z.
#...........(O@Z..?...........(
#...############...#...........
#...# #####......$$(.. #####
##....$.$.>. ##...$.##((
##########


You could see a two-headed ogre (very poisoned), an orc and a centaur skeleton.

Vanquished Creatures
  A two-headed ogre (D:8)
  Joseph (D:7)
  Prince Ribbit (D:5)
  Menkaure (D:7)
  Edmund (D:6)
  3 orc warriors
  2 black bears
  A necrophage (D:6)
  A phantom (D:7)
  2 ogres
  3 centaurs
  4 bullfrogs
  A scorpion (D:4)
  10 wights
  A howler monkey (D:8)
  3 jellies
  A centaur zombie (D:6)
  3 orc priests
  5 orc wizards
  Jessica (D:2)
  An iguana (D:8)
  Terence (D:2)
  8 worker ants
  A killer bee zombie (D:8)
  A hound skeleton (D:5)
  7 gnolls
  13 adders
  2 shadow imps
  5 white imps
  2 ufetubi
  7 worms
  4 dart slugs
  5 leopard geckos
  31 orcs
  4 bats
  8 giant cockroaches
  13 goblins
  9 hobgoblins
  16 jackals
  7 kobolds
  5 quokkas
  6 frilled lizards
  A leopard gecko skeleton (D:6)
  8 rats
211 creatures vanquished.

Vanquished Creatures (others)
  19 plants (D:2)
19 creatures vanquished.

Grand Total: 230 creatures vanquished

Notes
Turn   | Place    | Note
-------+----------+-------------------------------------------
     0 | D:1      | Froggeryz the Octopode Brigand began the quest for the Orb.
     0 | D:1      | Reached XP level 1. HP: 14/14 MP: 1/1
   245 | D:1      | Reached XP level 2. HP: 19/19 MP: 2/2
   731 | D:2      | Reached skill level 3 in Short Blades
   731 | D:2      | Reached XP level 3. HP: 18/24 MP: 3/3
  1538 | D:2      | Noticed Jessica
  1548 | D:2      | Killed Jessica
  1549 | D:2      | Reached XP level 4. HP: 14/29 MP: 4/4
  1772 | D:2      | Noticed Terence
  1777 | D:2      | Killed Terence
  1778 | D:2      | Reached skill level 4 in Short Blades
  2011 | D:2      | Reached XP level 5. HP: 34/34 MP: 5/5
  2597 | D:3      | Reached skill level 5 in Short Blades
  2597 | D:3      | Reached XP level 6. HP: 5/39 MP: 6/6
  2928 | D:3      | Found a glowing silver altar of Zin.
  4156 | D:4      | Reached skill level 6 in Short Blades
  4445 | D:4      | Reached XP level 7. HP: 45/45 MP: 7/7
  4608 | D:4      | Found a staircase to the Ecumenical Temple.
  4783 | Temple   | Entered the Ecumenical Temple
  4815 | Temple   | Became a worshipper of Gozag Ym Sagoz the Greedy
  5083 | D:5      | Entered Level 5 of the Dungeon
  5098 | D:5      | Noticed Prince Ribbit
  5104 | D:5      | Killed Prince Ribbit
  5178 | D:5      | Reached skill level 7 in Short Blades
  5626 | D:5      | Found Lufosaac's General Store.
  5630 | D:5      | Bought a potion of curing for 39 gold pieces
  5646 | D:5      | Reached XP level 8. HP: 50/50 MP: 8/8
  5658 | D:5      | Reached skill level 5 in Dodging
  6406 | D:6      | Found Laxzy's Jewellery Boutique.
  6582 | D:6      | Found Nablaash's Jewellery Shoppe.
  6672 | D:6      | Reached skill level 8 in Short Blades
  6975 | D:6      | Noticed Edmund
  6981 | D:6      | Killed Edmund
  8276 | D:7      | Noticed Joseph
  8388 | D:7      | Reached skill level 9 in Short Blades
  8647 | D:6      | Bought the ring of Okhly {rN+ Str+4 Slay+2 Stlth+} for 512
                  | gold pieces
  8784 | D:7      | Killed Joseph
  8785 | D:7      | Reached XP level 9. HP: 37/59 MP: 9/9
  8999 | D:7      | Noticed Menkaure
  9053 | D:7      | Killed Menkaure
  9058 | D:7      | Reached skill level 10 in Short Blades
  9310 | D:6      | Reached skill level 5 in Fighting
  9605 | D:7      | Found a transporter.
  9607 | D:7      | Noticed Descartes's ghost (novice FeTm)
  9815 | D:7      | Got a pitted long sword
  9816 | D:7      | Identified the +10 long sword "Natur" {flame, rN+ Will+}
                  | (You found it on level 7 of the Dungeon)
  9939 | D:7      | Found a transporter.
 10266 | D:7      | Learned a level 4 spell: Iskenderun's Mystic Blast
 10495 | D:8      | Noticed a two-headed ogre
 10672 | D:7      | Reached skill level 1 in Spellcasting
 10749 | D:8      | Killed a two-headed ogre
 10750 | D:8      | Reached skill level 11 in Short Blades
 10750 | D:8      | Reached XP level 10. HP: 32/69 MP: 10/13
 11426 | D:8      | Noticed a two-headed ogre
 11427 | D:8      | Noticed a two-headed ogre
 11770 | D:8      | Mangled by a two-headed ogre

Illustrated notes

Levels and vault maps discovered:
D:1:      erik_arrival_orb_chamber, layout_basic
D:2:      minmay_chambers_of_twos, layout_loops_ring, serial_bayou_lake_a,
          uniq_terence, uniq_jessica
D:3:      layout_rooms, nicolae_overflow_crystal_walls
D:4:      layout_basic, minmay_temple_entry_glassed_door
D:5:      layout_loops_ring, serial_shops, shop, grunt_ministairs_11,
          uniq_prince_ribbit1
D:6:      layout_basic, serial_shops, shop, shop, uniq_edmund
D:7:      layout_rooms, gammafunk_ghost_berserking_beasts, uniq_joseph,
          uniq_menkaure
D:8:      layout_rooms
D:9:      layout_basic
Temple:   compressed_dpeg_circular_temple

Skill      XL: |  1  2  3  4  5  6  7  8  9 |
---------------+----------------------------+-----
Short Blades   | 3 4 5 6 7 9 11 | 11.6
Dodging        | 2 3 4 5 |  5.1
Fighting       | 4 6 |  6.6
Spellcasting   | 2 |  2.8
Throwing       | |  2.5
Stealth        | |  5.3

Action                   |  1- 3 |  4- 6 |  7- 9 | 10-12 || total
-------------------------+-------+-------+-------+-------++-------
Melee: Dagger            |    80 |   169 |   270 |    73 ||   592
       Constrict         |    26 |    44 |    52 |    12 ||   134
       Tentacles         |    12 |    43 |    65 |    20 ||   140
Throw: Dart              |       |     2 |    18 |    10 ||    30
       Throwing net      |       |       |     4 |       ||     4
  Use: Potion            |       |     2 |     1 |       ||     3
       Scroll            |       |       |     6 |     1 ||     7
 Stab: Sleeping          |    10 |     9 |    25 |     3 ||    47
       Held in net/web   |       |       |     1 |       ||     1
       Distracted        |       |       |     2 |       ||     2
Armor: Skin              |     6 |     8 |     5 |       ||    19
Dodge: Dodged            |    42 |    85 |   137 |    28 ||   292
